 Dungeon Crawl Stone Soup version 0.27-a0-1273-gec92ba881d (webtiles) character file.

Game seed: 5256959501621519843

5707 porpoise the Thaumaturge (level 10, -23/58 HPs)
             Began as a Deep Elf Conjurer on June 12, 2021.
             Was a Believer of Sif Muna.
             Shot with an arrow by a centaur warrior (28 damage)
             ... on level 8 of the Dungeon.
             The game lasted 00:33:27 (9455 turns).

porpoise the Thaumaturge (Deep Elf Conjurer)        Turns: 9455, Time: 00:33:27

Health: -23/58     AC:  5    Str:  5    XL:     10   Next: 48%
Magic:  22/25      EV: 15    Int: 26    God:    Sif Muna [**....]
Gold:   399        SH:  6    Dex: 13    Spells: 16/27 levels left

rFire    . . .     SeeInvis .   b - +1 hunting sling
rCold    . . .     Faith    .   v - +1 buckler
rNeg     + . .     Spirit   .   c - +0 robe
rPois    .         Reflect  .   h - +0 helmet
rElec    .         Harm     .   (no cloak)
rCorr    .         Rampage  .   l - +0 pair of gloves
Will     ++...                  J - +0 pair of boots
Stlth    ++........             (no amulet)
HPRegen  0.19/turn              m - ring of willpower
MPRegen  0.19/turn              A - ring of positive energy

@: no status effects
A: no striking features
a: Renounce Religion, Channel Magic


You were on level 8 of the Dungeon.
You worshipped Sif Muna.
Sif Muna was pleased with you.
You visited 1 branch of the dungeon, and saw 8 of its levels.

You collected 399 gold pieces.

Inventory:

Hand Weapons
 a - a +2 whip of venom
 b - a +1 hunting sling (weapon)
Missiles
 e - 145 stones
 f - 6 boomerangs
 i - 119 arrows
 n - 92 bolts
 q - 8 atropa-tipped darts
 w - 5 sling bullets (quivered ammo)
 x - 20 poisoned darts
Armour
 c - a +0 robe (worn)
 h - a +0 helmet (worn)
 l - a +0 pair of gloves (worn)
 v - a +1 buckler (worn)
 J - a +0 pair of boots (worn)
Magical Staves
 z - a staff of death
Jewellery
 m - a ring of willpower (left hand)
 t - a ring of flight
 A - a ring of positive energy (right hand)
 G - a ring of see invisible
Wands
 d - a wand of paralysis (3)
 p - a wand of digging (7)
Scrolls
 g - 2 scrolls of noise
 k - 7 scrolls of teleportation
 y - a scroll of enchant armour
 C - 2 scrolls of magic mapping
 E - a scroll of fog {unknown}
 F - a scroll of brand weapon {unknown}
 H - a scroll of holy word {unknown}
Potions
 j - a potion of lignification
 o - 2 potions of brilliance
 r - 3 potions of attraction


   Skills:
 + Level 4.4 Fighting
 - Level 8.2 Dodging
 - Level 2.4 Stealth
 - Level 4.0 Shields
 - Level 9.4 Spellcasting
 + Level 8.2 Conjurations
 - Level 6.9 Hexes
 - Level 6.3 Translocations
 - Level 5.4 Invocations
 - Level 3.6 Evocations


You had 16 spell levels left.
You knew the following spells:

 Your Spells              Type           Power      Damage    Failure   Level
a - Magic Dart            Conj           100%       1d8       1%          1
b - Searing Ray           Conj           100%       3d7       1%          2
c - Iskenderun's Mystic   Conj/Tloc      50%        2d11      2%          4
d - Fulminant Prism       Conj/Hex       25%        3d14      2%          4

Your spell library contained the following spells:

 Spells                   Type           Power      Damage    Failure   Level
 Apportation              Tloc           90%        N/A       1%          1
 Corona                   Hex            53%        N/A       1%          1
 Slow                     Hex            48%        N/A       1%          2
 Dazzling Flash           Conj/Hex       100%       N/A       1%          3
 Portal Projectile        Hex/Tloc       92%        N/A       1%          3
 Cause Fear               Hex            24%        N/A       2%          4
 Inner Flame              Hex/Fire       30%        N/A       3%          3
 Animate Skeleton         Necr           24%        N/A       4%          1
 Pain                     Necr           48%        1d6       4%          1
 Summon Small Mammal      Summ           48%        N/A       4%          1
 Leda's Liquefaction      Hex/Erth       15%        N/A       12%         4
 Vampiric Draining        Necr           6%         2d6       14%         3
 Animate Dead             Necr           6%         N/A       43%         4
 Agony                    Necr           12%        N/A       80%         5


Dungeon Overview and Level Annotations

Branches:
Dungeon (8/15)             Temple (0/1) D:4
   Lair: D:8-11

Altars:
Cheibriados
Elyvilon
Gozag
Kikubaaqudgha
Makhleb
Sif Muna
Trog
Uskayaw

Shops:
D:4 **

Annotations:
D:3 2 transporters
D:6 2 transporters, Dvallin's ghost, novice KoDe


Message History

Aiming: Paralyse
Press: ? - help, Shift-Dir - straight line, f/p - eight-headed hydra
Aim: an eight-headed hydra (ally target, chance to affect: 23%)
The eight-headed hydra resists with almost no effort.
Your fulminant prism explodes!
The blast of energy engulfs the centaur warrior!!
The centaur warrior is heavily wounded.
The blast of energy engulfs the eight-headed hydra.
The eight-headed hydra is lightly wounded.
Aiming: Paralyse
Press: ? - help, Shift-Dir - straight line, f/p - eight-headed hydra
Aim: an eight-headed hydra (lightly wounded, chance to affect: 23%)
The eight-headed hydra resists with almost no effort.
The eight-headed hydra bites you but does no damage.
The eight-headed hydra completely misses you.
The eight-headed hydra bites you but does no damage.
The eight-headed hydra misses you. x2
The eight-headed hydra closely misses you.
The eight-headed hydra bites you. x2
Casting: Fulminant Prism (dangerous; 2% risk of failure)
Confirm with . or Enter, or press ? or * to list all spells.
Okay, then.
Unknown command.
As you read the scroll of teleportation, it crumbles to dust.
You feel strangely unstable. The eight-headed hydra bites you! x2
The eight-headed hydra completely misses you.
The eight-headed hydra bites you. x2
* * * LOW HITPOINT WARNING * * *
The eight-headed hydra bites you!
* * * LOW HITPOINT WARNING * * *
The eight-headed hydra barely misses you.
You block the eight-headed hydra's attack.
The centaur warrior completely misses you.
The centaur warrior kicks you.
* * * LOW HITPOINT WARNING * * *
The centaur warrior wields a +0 shortbow.
The centaur warrior shoots an arrow.
The arrow misses you.
Your surroundings suddenly seem different.
The centaur warrior shoots an arrow.
The arrow hits you!!
You die...

######............#
#.......#####.....#
#......D....###...#
#...####......#...# #..
#..Tc.....##..# #.
#.....###...#..# #.
#..##...# ..#..# ..
..#..#..).#...#..#######
.
#......@......#.........
#...#.[..#..#...#######.
#.. #...##..#...# #.
###.. .#..## #####. ...
#.. ....... ..## ...
######. ... ...# #. .
...#####. .... #. . ..
..... #.


You could see an eight-headed hydra, a centaur warrior and a troll.

Vanquished Creatures
  Joseph (D:8)
  A steam dragon (D:7)
  5 water moccasins
  2 sky beasts (D:7)
  3 necrophages
  4 ogres
  A centaur (D:5)
  A bullfrog (D:7)
  2 scorpions
  A water moccasin zombie (D:5)
  2 water moccasin skeletons
  3 howler monkeys (D:7)
  A centaur zombie (D:7)
  A bullfrog zombie (D:7)
  5 hounds
  A jelly (D:7)
  3 centaur skeletons
  3 iguanas
  Natasha (thrice) (D:2)
  A howler monkey zombie (D:7)
  5 gnolls
  6 adders
  2 river rats (D:4)
  A shadow imp (D:6)
  2 white imps
  An adder zombie (D:5)
  5 worms (D:4)
  A dart slug (D:3)
  12 orcs
  2 bats (D:2)
  10 endoplasms
  5 giant cockroaches
  11 hobgoblins
  A jackal (D:4)
  4 quokkas
  A ball python (D:2)
  2 frilled lizards
  9 goblins
  7 kobolds
  8 rats
139 creatures vanquished.

Vanquished Creatures (others)
  4 fulminant prisms (D:8)
  16 fungi (D:5)
20 creatures vanquished.

Grand Total: 159 creatures vanquished

Notes
Turn   | Place    | Note
-------+----------+-------------------------------------------
     0 | D:1      | porpoise the Deep Elf Conjurer began the quest for the Orb.
     0 | D:1      | Reached XP level 1. HP: 10/10 MP: 6/6
   274 | D:1      | Reached XP level 2. HP: 15/15 MP: 5/8
   303 | D:1      | Learned a level 2 spell: Searing Ray
   829 | D:1      | Found a faded altar of an unknown god.
  1003 | D:1      | Reached skill level 4 in Spellcasting
  1235 | D:2      | Reached skill level 5 in Conjurations
  1235 | D:2      | Reached XP level 3. HP: 19/19 MP: 7/10
  1383 | D:2      | Noticed Natasha
  1388 | D:2      | Killed Natasha
  1431 | D:2      | Reached XP level 4. HP: 24/24 MP: 7/12
  1905 | D:2      | Noticed Natasha
  1911 | D:2      | Killed Natasha
  1912 | D:2      | Reached skill level 5 in Spellcasting
  1973 | D:2      | Learned a level 4 spell: Iskenderun's Mystic Blast
  1978 | D:2      | Learned a level 4 spell: Fulminant Prism
  2175 | D:2      | Noticed Natasha
  2177 | D:2      | Killed Natasha
  2544 | D:3      | Reached XP level 5. HP: 28/28 MP: 10/14
  2594 | D:3      | Reached skill level 1 in Fighting
  2782 | D:3      | Noticed a necrophage
  2783 | D:3      | Found a bloodstained altar of Trog.
  2783 | D:3      | Found a transporter.
  2802 | D:3      | Found a transporter.
  3332 | D:4      | Found a white marble altar of Elyvilon.
  3365 | D:4      | Found an opulent altar of Gozag.
  3366 | D:4      | Found a shimmering blue altar of Sif Muna.
  3366 | D:4      | Found a hide-covered altar of Uskayaw.
  3368 | D:4      | Found a burning altar of Makhleb.
  3369 | D:4      | Found an ancient bone altar of Kikubaaqudgha.
  3370 | D:4      | Found a snail-covered altar of Cheibriados.
  3374 | D:4      | Became a worshipper of Sif Muna the Loreminder
  3430 | D:4      | Found Tynide's Tempting Trifles.
  3616 | D:4      | Found Jidiysy's Elemental Accessories.
  3617 | D:4      | Noticed a necrophage
  3624 | D:4      | Killed a necrophage
  3625 | D:4      | Reached XP level 6. HP: 14/35 MP: 7/15
  3902 | D:4      | Found a staircase to the Ecumenical Temple.
  4097 | D:4      | Reached * piety under Sif Muna
  4673 | D:5      | Entered Level 5 of the Dungeon
  4676 | D:5      | Reached XP level 7. HP: 41/41 MP: 12/16
  4736 | D:5      | Reached skill level 1 in Shields
  5886 | D:5      | You fall into a shaft and drop 1 floor!
  5891 | D:6      | Reached XP level 8. HP: 46/46 MP: 13/17
  6041 | D:5      | Reached skill level 5 in Translocations
  6469 | D:5      | Reached skill level 1 in Hexes
  6775 | D:6      | Found a transporter.
  6779 | D:6      | Noticed Dvallin's ghost (novice KoDe)
  7351 | D:6      | Found a transporter.
  7435 | D:6      | Reached skill level 5 in Hexes
  7972 | D:7      | Reached skill level 6 in Spellcasting
  8191 | D:7      | Reached skill level 5 in Dodging
  8246 | D:7      | Reached XP level 9. HP: 50/50 MP: 16/20
  8451 | D:7      | Reached skill level 7 in Spellcasting
  8800 | D:7      | Reached ** piety under Sif Muna
  8801 | D:7      | Reached skill level 8 in Spellcasting
  9006 | D:8      | Noticed Joseph
  9029 | D:8      | Reached skill level 9 in Spellcasting
  9029 | D:8      | Reached skill level 5 in Invocations
  9029 | D:8      | Reached XP level 10. HP: 57/57 MP: 23/25
  9034 | D:8      | Identified the +1 shortbow "Maug Lim" {venom, Int+5}
  9034 | D:8      | Noticed a centaur warrior
  9035 | D:8      | Killed Joseph
  9444 | D:8      | Noticed an eight-headed hydra
  9447 | D:8      | Noticed a centaur warrior
  9455 | D:8      | Shot with an arrow by a centaur warrior

Illustrated notes

Levels and vault maps discovered:
D:1:      psy_arrival_terrarium, layout_basic, ebering_ecumenical_altar_mist
D:2:      layout_rooms, serial_glass, glass_columns_a, glass_columns_a,
          uniq_natasha
D:3:      layout_loops_ring, gammafunk_temple_overflow_arena
D:4:      layout_loops_ring, minitemple, minmay_temple_entry_glassed_door,
          lightli_sewer_entry_pipes, minivault_5, solitary_fountain,
          nicolae_elemental_shop, corexii_hall_statues_x,
          nicolae_alphabet_shops, st_stairs_3
D:5:      layout_loops_corners, serial_aquarium, aquarium_bridge_island_large
          [aquarium_subvault_large_water, aquarium_subvault_bridge,
          aquarium_subvault_bridge, aquarium_subvault_window,
          aquarium_subvault_window], aquarium_bridge_square
          [aquarium_subvault_bridge, aquarium_subvault_balcony,
          aquarium_subvault_window, aquarium_subvault_wall],
          aquarium_window_fake, aquarium_window_fake, aquarium_view_2c,
          aquarium_balcony_double_1, aquarium_pool_1
D:6:      layout_loops_ring, gammafunk_ghost_stat_death
D:7:      layout_loops_ring, minmay_fractal_squares_gapless_5
D:8:      layout_rooms, ebering_ghost_reflecting_pool, serial_undead,
          serial_undead_a, serial_undead_e, serial_undead_a, serial_undead_f,
          supply_closet_lemuel, wad_floor_pattern_2, minmay_radiant, uniq_joseph

Skill      XL: |  1  2  3  4  5  6  7  8  9 |
---------------+----------------------------+-----
Spellcasting   | 4 5 6 9 |  9.4
Conjurations   | 5 6 7 8 |  8.2
Fighting       | 2 3 4 |  4.4
Translocations | 2 4 5 6 |  6.3
Shields        | 3 4 |  4.0
Hexes          | 5 6 |  6.9
Dodging        | 5 8 |  8.2
Invocations    | 5 |  5.4
Evocations     | 3 |  3.6
Stealth        | |  2.4

Action                   |  1- 3 |  4- 6 |  7- 9 | 10-12 || total
-------------------------+-------+-------+-------+-------++-------
Melee: Mace              |     2 |       |       |       ||     2
       Whip              |       |     4 |       |       ||     4
 Fire: Hunting sling     |       |    17 |    45 |       ||    62
 Cast: Magic Dart        |    41 |    20 |       |       ||    61
       Searing Ray       |     7 |    41 |    42 |     1 ||    91
       Fulminant Prism   |       |       |     3 |     1 ||     4
       Iskenderun's Myst |       |       |       |     2 ||     2
Evoke: Wand              |       |       |       |     3 ||     3
  Use: Scroll            |       |     4 |     6 |     1 ||    11
       Potion            |       |       |     4 |     1 ||     5
Armor: Robe              |     2 |     1 |     4 |     2 ||     9
Dodge: Dodged            |     1 |    14 |    22 |    12 ||    49
Block: Buckler           |       |       |     6 |     2 ||     8

Table legend: (Time is in decaauts)
 A = Elapsed time spent in this place.
 B = Non-inter-level travel time spent in this place.
 C = Inter-level travel time spent in this place.
 D = Time resting spent in this place.
 E = Time spent auto-exploring this place.
 F = Levels seen in this place.
 G = Mean time per level.
                   A        B        C        D        E       F      G
               +--------+--------+--------+--------+--------+-----+--------+
         Total |   9512 |   9018 |    494 |   3184 |   4352 |   8 | 1189.0 |
       Dungeon |   9512 |   9018 |    494 |   3184 |   4352 |   8 | 1189.0 |
               +--------+--------+--------+--------+--------+-----+--------+

Top non-repeatable levels by time:
     D:5: 1983 daAuts
     D:7: 1598 daAuts
     D:4: 1412 daAuts
     D:1: 1216 daAuts
     D:3: 1105 daAuts
     D:6: 1091 daAuts
     D:2: 988 daAuts
     D:8: 117 daAuts
